 Dungeon Crawl Stone Soup version 0.27-a0-562-g0d39f094a4 (webtiles) character file.

Game seed: 6961233229646460021

867599 porpoise the Slayer (level 27, -1/196 HPs)
             Began as a Gargoyle Artificer on Mar 6, 2021.
             Was the Champion of the Shining One.
             Killed from afar by a Hell Sentinel (39 damage)
             ... with damnation
             ... summoned by Dispater
             ... on level 7 of the Iron City of Dis on Mar 8, 2021.
             The game lasted 09:18:56 (87387 turns).

porpoise the Slayer (Gargoyle Artificer)           Turns: 87387, Time: 09:18:57

Health: -1/196     AC: 55    Str: 25    XL:     27
Magic:  18/36      EV: 16    Int: 18    God:    the Shining One [******]
Gold:   5674       SH: 22    Dex: 10    Spells: 28/44 levels left

rFire    + + .     SeeInvis .   a - +9 sacred scourge (holy)
rCold    + + +     Faith    .   Q - +4 kite shield {rC+ rF+}
rNeg     + + +     Spirit   .   O - +6 gold dragon scales
rPois    ∞         Reflect  .   z - +0 helmet of Jihiev {rC+ Will+}
rElec    +         Harm     .   E - +0 cloak "Kusuqew" {rC+ rN+ rCorr}
rCorr    +         Rampage  +   o - +2 pair of gloves {archery}
Will     +++++                  J - +1 pair of boots {rampage}
Stlth    ..........             K - amulet of Perfectionism {Will++ Regen+ Str+2 Dex-3}
HPRegen  1.42/turn              A - ring of the Octopus King {rC+ AC+1 EV+1 Str+1 Int+1 Dex+1}
MPRegen  0.25/turn              f - +4 ring of evasion

@: flying, glowing, studying Armour
A: big wings, camouflage 1, blurry vision 1, cold resistance 1, deformed body,
strong-willed 1, negative energy resistance 1, electricity resistance, torment
resistance 1, unbreathing 1, petrification resistance, AC +20
}: 7/15 runes: decaying, slimy, silver, obsidian, icy, abyssal, gossamer
a: Stop Flying, Renounce Religion, Divine Shield, Cleansing Flame, Summon Divine
Warrior


You were on level 7 of the Iron City of Dis.
You worshipped the Shining One.
The Shining One was exalted by your worship.
You visited 14 branches of the dungeon, and saw 72 of its levels.
You visited the Abyss 1 time.
You visited 2 bazaars.
You also visited: Trove, Gauntlet, Ice Cave and Wizlab.

You collected 12400 gold pieces.
You spent 6726 gold pieces at shops.

Inventory:

Hand Weapons
 a - a +9 sacred scourge of holy wrath (weapon)
 b - the +11 fustibalus "Enimeropt" {flame, *Slow rElec Str+2 Dex+4}
   (You found it in an ice cave)

   It causes projectiles fired from it to burn those they strike, causing extra
   injury to most foes and up to half again as much damage against particularly
   susceptible opponents.
   It affects your strength (+2).
   It affects your dexterity (+4).
   It insulates you from electricity.
   It may slow you when you take damage.
 w - a +6 broad axe of electrocution
Missiles
 h - 136 sling bullets
 R - 10 curare-tipped darts (quivered)
Armour
 o - a +2 pair of gloves of archery (worn)
 z - the +0 helmet of Jihiev (worn) {rC+ Will+}
   (You found it on level 3 of the Spider Nest)

   It protects you from cold.
   It affects your willpower, your defense against some magical effects.
 E - the +0 cloak "Kusuqew" (worn) {rC+ rN+ rCorr}
   (You found it in a wizard's laboratory)

   It protects you from cold.
   It protects you from negative energy.
   It provides partial protection from all sources of acid and corrosion.
 J - a +1 pair of boots of rampaging (worn)
 O - +6 gold dragon scales (worn)
 Q - a +4 kite shield of resistance (worn)
Jewellery
 f - a +4 ring of evasion (right hand)
 m - an amulet of magic regeneration
 A - a ring of the Octopus King (left hand) {rC+ AC+1 EV+1 Str+1 Int+1 Dex+1}
   (You bought it in a shop on level 3 of the Depths)

   [ring of protection from cold]

   It affects your AC (+1).
   It affects your evasion (+1).
   It affects your strength (+1).
   It affects your intelligence (+1).
   It affects your dexterity (+1).
   It protects you from cold.
 K - the amulet of Perfectionism (around neck) {Will++ Regen+ Str+2 Dex-3}
   (You found it on level 5 of the Vaults)

   [amulet of regeneration]

   It affects your strength (+2).
   It affects your dexterity (-3).
   It affects your willpower, your defense against some magical effects.
   It increases your rate of regeneration.
Wands
 c - a wand of flame (109)
 d - a wand of charming (42)
 e - a wand of acid (22)
 p - a wand of digging (24)
 t - a wand of paralysis (58)
 C - a wand of iceblast (48)
 M - a wand of mindburst (13)
Scrolls
 j - 25 scrolls of teleportation
 l - 7 scrolls of blinking
 r - a scroll of magic mapping
 x - 25 scrolls of identify
 y - 2 scrolls of summoning
 F - 3 scrolls of fear
 S - 3 scrolls of fog
 V - 2 scrolls of holy word
 W - 5 scrolls of silence
 Y - 8 scrolls of vulnerability
Potions
 g - 5 potions of ambrosia
 i - a potion of heal wounds
 k - 10 potions of cancellation
 u - 2 potions of resistance
 D - 7 potions of haste
 H - 18 potions of lignification
 I - 7 potions of might
 U - 18 potions of curing
Miscellaneous
 q - a lightning rod (4/4)
 s - a box of beasts
 B - a tin of tremorstones (2/2)
 T - a phantom mirror


   Skills:
 - Level 26.0 Fighting
 - Level 16.0 Maces & Flails
 - Level 14.0 Slings
 + Level 20.4 Armour
 - Level 18.7 Dodging
 - Level 1.1 Stealth
 - Level 25.0 Shields
 - Level 9.0 Spellcasting
 - Level 5.0 Hexes
 + Level 12.3 Translocations
 - Level 5.0 Air Magic
 - Level 18.8 Invocations
 - Level 18.0 Evocations


You had 28 spell levels left.
You knew the following spells:

 Your Spells              Type           Power      Damage    Failure   Level
a - Manifold Assault      Tloc           51%        N/A       9%          4
b - Apportation           Tloc           100%       N/A       1%          1
g - Passage of Golubria   Tloc           N/A        N/A       9%          4
k - Blink                 Tloc           N/A        N/A       1%          2
p - Portal Projectile     Hex/Tloc       78%        N/A       11%         3
w - Swiftness             Air            26%        N/A       24%         2

Your spell library contained the following spells:

 Spells                   Type           Power      Damage    Failure   Level
 Gell's Gravitas          Tloc           25%        N/A       2%          3
 Lesser Beckoning         Tloc           25%        N/A       2%          3
 Teleport Other           Tloc           51%        N/A       2%          3
 Corona                   Hex            28%        N/A       16%         1
 Slow                     Hex            26%        N/A       24%         2
 Shock                    Conj/Air       68%        1d7       41%         1
 Confusing Touch          Hex            26%        N/A       43%         3
 Tukima's Dance           Hex            26%        N/A       43%         3
 Corpse Rot               Necr/Air       N/A        N/A       56%         2
 Ensorcelled Hibernation  Hex/Ice        34%        N/A       56%         2
 Poisonous Vapours        Pois/Air       34%        N/A       56%         2
 Iskenderun's Mystic Bla  Conj/Tloc      30%        2d8       71%         4
 Animate Skeleton         Necr           16%        N/A       77%         1
 Beastly Appendage        Tmut           16%        N/A       77%         1
 Foxfire                  Conj/Fire      32%        2x1d5     77%         1
 Freeze                   Ice            32%        1d5       77%         1
 Magic Dart               Conj           32%        1d4       77%         1
 Pain                     Necr           32%        1d5       77%         1
 Sandblast                Erth           16%        2d6       77%         1
 Summon Small Mammal      Summ           32%        N/A       77%         1
 Dispersal                Tloc           25%        N/A       77%         6
 Dazzling Flash           Conj/Hex       34%        N/A       80%         3
 Inner Flame              Hex/Fire       17%        N/A       80%         3
 Static Discharge         Conj/Air       17%        N/A       80%         3
 Summon Guardian Golem    Hex/Summ       17%        N/A       80%         3
 Airstrike                Air            13%        N/A       85%         4
 Cause Fear               Hex            13%        N/A       85%         4
 Call Imp                 Summ           8%         N/A       88%         2
 Passwall                 Tmut/Erth      6%         N/A       88%         2
 Searing Ray              Conj           16%        3d3       88%         2
 Wereblood                Tmut           8%         N/A       88%         2
 Mephitic Cloud           Conj/Pois/Air  14%        N/A       89%         3
 Call Canine Familiar     Summ           8%         N/A       98%         3
 Conjure Flame            Conj/Fire      8%         6-21      98%         3
 Frozen Ramparts          Ice            16%        1d3       98%         3
 Ignite Poison            Fire/Tmut/Pois 8%         N/A       98%         3
 Ozocubu's Armour         Ice            8%         N/A       98%         3
 Spider Form              Tmut/Pois      4%         N/A       98%         3
 Stone Arrow              Conj/Erth      16%        3d8       98%         3
 Vampiric Draining        Necr           4%         2d6       98%         3
 Fulminant Prism          Conj/Hex       8%         3d7       99%         4
 Leda's Liquefaction      Hex/Erth       8%         N/A       99%         4
 Summon Lightning Spire   Summ/Air       17%        N/A       99%         4
 Silence                  Hex/Air        13%        N/A       99%         5
 Animate Armour           Summ/Erth      16%        N/A       100%        4
 Animate Dead             Necr           4%         N/A       100%        4
 Dispel Undead            Necr           8%         3d8       100%        4
 Hailstorm                Conj/Ice       8%         3d4       100%        4
 Ice Form                 Ice/Tmut       8%         N/A       100%        4
 Olgreb's Toxic Radiance  Pois           8%         N/A       100%        4
 Petrify                  Tmut/Erth      8%         N/A       100%        4
 Sticky Flame             Conj/Fire      8%         2d3       100%        4
 Summon Ice Beast         Ice/Summ       8%         N/A       100%        4
 Agony                    Necr           8%         N/A       100%        5
 Blade Hands              Tmut           4%         N/A       100%        5
 Bolt of Magma            Conj/Fire/Erth 4%         4d5       100%        5
 Borgnjor's Vile Clutch   Necr/Erth      4%         N/A       100%        5
 Excruciating Wounds      Necr           4%         N/A       100%        5
 Fireball                 Conj/Fire      4%         3d4       100%        5
 Irradiate                Conj/Tmut      4%         3d15      100%        5
 Iskenderun's Battlesphe  Conj           8%         2d6       100%        5
 Lee's Rapid Deconstruct  Erth           4%         3d6*      100%        5
 Lightning Bolt           Conj/Air       8%         1d21      100%        5
 Metabolic Englaciation   Hex/Ice        8%         N/A       100%        5
 Yara's Violent Unravell  Hex/Tmut       8%         3d5       100%        5
 Conjure Ball Lightning   Conj/Air       8%         3x3d6     100%        6
 Death Channel            Necr           4%         N/A       100%        6
 Freezing Cloud           Conj/Ice/Air   7%         6-21      100%        6
 Hydra Form               Tmut           4%         N/A       100%        6
 Invisibility             Hex            26%        N/A       100%        6
 Iron Shot                Conj/Erth      4%         9d2       100%        6
 Simulacrum               Ice/Necr       4%         N/A       100%        6
 Starburst                Conj/Fire      4%         8x6d3     100%        6
 Dragon Form              Tmut           4%         N/A       100%        7
 Orb of Destruction       Conj           4%         9d2       100%        7
 Ozocubu's Refrigeration  Ice            4%         4d5       100%        7
 Spellforged Servitor     Conj/Summ      4%         N/A       100%        7
 Borgnjor's Revivificati  Necr           4%         N/A       100%        8
 Chain Lightning          Conj/Air       8%         N/A       100%        8
 Discord                  Hex            13%        N/A       100%        8
 Disjunction              Tloc           25%        N/A       100%        8
 Ignition                 Fire           4%         3d4       100%        8
 Infestation              Necr           4%         N/A       100%        8
 Lehudib's Crystal Spear  Conj/Erth      4%         10d3      100%        8
 Necromutation            Tmut/Necr      4%         N/A       100%        8
 Absolute Zero            Ice            4%         ∞         100%        9
 Death's Door             Necr           4%         N/A       100%        9
 Fire Storm               Conj/Fire      4%         8d1       100%        9
 Shatter                  Erth           4%         3d7*      100%        9
 Tornado                  Air            13%        N/A       100%        9
 Sublimation of Blood     Necr           Unusable   N/A       N/A         2
 Statue Form              Tmut/Erth      Unusable   N/A       N/A         6

Dungeon Overview and Level Annotations

Branches:
Dungeon (15/15)            Temple (1/1) D:5            Lair (6/6) D:8
  Swamp (4/4) Lair:4       Spider (4/4) Lair:2        Slime (5/5) Lair:6
    Orc (2/2) D:11            Elf (3/3) Orc:2        Vaults (5/5) D:13
  Crypt (0/3) Vaults:2     Depths (5/5) D:15           Hell (visited)
    Dis (7/7) Hell            Geh (7/7) Hell            Coc (7/7) Hell
    Tar (0/7) Hell            Zot (0/5) Depths:5      IceCv (visited)
 WizLab (visited)         Gauntlet (visited)

Altars:
Ashenzari
Cheibriados
Dithmenos
Elyvilon
Fedhas
Gozag
Hepliaklqana
Kikubaaqudgha
Makhleb
Nemelex Xobeh
Okawaru
Qazlal
Ru
Sif Muna
Trog
Uskayaw
Vehumet
Wu Jian
Xom
Yredelemnul
Zin
The Shining One
Beogh
Jiyva

Shops:
D:8 *   D:13 [(*?   Orc:2 ((**   Elf:1 *   Vaults:1 *   Vaults:2 *   Vaults:4 [
Vaults:5 ??   Depths:2 ::=   Depths:3 =

Portals:
Hell: Depths:1 Depths:2 Depths:3 Depths:4 Depths:5
Abyss: Depths:1 Depths:3 Depths:4
Pandemonium: Depths:3 Depths:4 Depths:5
Ziggurat: Depths:5

Annotations:
Dis:7 Dispater


Innate Abilities, Weirdness & Mutations

Your stone body is resilient. (AC +20)
You are immune to poison.
Your large and strong wings let you fly indefinitely.
You resist negative energy. (rN+)
You are resistant to electric shocks. (rElec)
You are resistant to unholy torment.
You can survive without breathing.
You are immune to petrification.
Your skin changes colour to match your surroundings (Stealth+).
Scrolls take you a little longer to read.
Your flesh is cold resistant. (rC+)
Armour fits poorly on your strangely shaped body.
You are strong-willed. (Will+)


Message History

You rampage towards Dispater!
You hit Dispater but do no damage.
Dispater is severely wounded.
Dispater gestures at you. The iron shot hits you!!
* * * LOW HITPOINT WARNING * * *
You hit Dispater but do no damage.
Dispater is severely wounded.
You feel yourself slow down.
You hit Dispater but do no damage.
Dispater is severely wounded.
Your daeva calls down the wrath of the Shining One upon Dispater.
Dispater is smitten.
Dispater gestures.
You hit Dispater.
Dispater convulses.
Dispater is almost dead.
You hit Dispater but do no damage.
Dispater is almost dead.
Your daeva calls down the wrath of the Shining One upon Dispater.
Dispater is smitten.
Dispater hits you with the +4 staff of Dispater!!
* * * LOW HITPOINT WARNING * * *
You whack Dispater!
Dispater convulses!
Dispater is almost dead.
You hit Dispater but do no damage.
Dispater is almost dead.
Your daeva calls down the wrath of the Shining One upon Dispater.
Dispater is smitten.
The Hell Sentinel hits you but does no damage.
You block the Hell Sentinel's attack.
You hit Dispater but do no damage.
Dispater is almost dead.
Dispater gestures at you. You block the iron shot.
Okay, then.
You feel much better.
Your daeva hits Dispater with a +5 scimitar of holy wrath.
Dispater convulses.
Your daeva barely misses Dispater.
The Hell Sentinel gestures at you.
The sphere of damnation explodes!
The damnation engulfs you!!!
You die...

...........................))..)[
.#..#..######################))##
######## #..# ##### #}[# #..#
#..# #''##### # #..#...### ..
#@A#.....## ..& #&1'......##
##### .... #..'......)###....
#... ####.8.8.8).##.8.8
.##...##########......)÷.#....
[.'...[((51§...'.........'....
..'..$'...&1A..'.........'....
.##...##########.........#....
#.... ####.8.8....##.8.8


You could see Dispater (ally target), a Hell Sentinel (summoned) and a friendly
daeva (summoned).

Vanquished Creatures
  Asmodeus (Geh:7)
  Antaeus (Coc:7)
  the Royal Jelly (Slime:5)
  the Serpent of Hell (Geh:7)
  3 ancient liches
  2 dread liches
  Mennas (Depths:4)
  A juggernaut (Depths:2)
  The ghost of quaternion the Impregnable, a veteran MiFi of Makhleb (Vaults:4)
  Margery (Depths:4)
  21 shard shrikes
  A caustic shrike (Depths:2)
  Geryon (Hell)
  5 golden dragons
  The ghost of Isucew the Ruinous, an adept DEFE of Vehumet (Depths:1)
  Nikola (Elf:3)
  2 profane servitors
  Jory (Vaults:4)
  5 bone dragons
  17 Brimstone Fiends
  Arachne (Spider:4)
  A hellephant (Abyss:3)
  4 Tzitzimimeh
  14 Ice Fiends
  Rupert (Lair:6)
  8 iron giants
  14 Hell Sentinels
  The ghost of Silenth the Arsonist, an adept DrFE of Vehumet (Vaults:4)
  4 tentacled monstrosities
  6 liches
  3 deep elf master archers (Elf:3)
  2 titans
  2 deep elf blademasters
  12 ancient champions
  22 acid blobs
  Murray (Depths:1)
  6 sphinxes
  10 tentacled starspawn
  Gastronok (D:8)
  An eldritch tentacle (WizLab)
  7 storm dragons
  A thorn hunter (Swamp:4)
  Kirke (Lair:4)
  The ghost of Lobster4 the Devastator, an adept DECj of Vehumet (Spider:3)
  8 shadow dragons
  6 tengu reavers
  A draconian monk (Abyss:3)
  7 fire giants
  A daeva (Abyss:3)
  A fenstrider witch (Swamp:4)
  12 azure jellies
  15 vault wardens
  12 frost giants
  15 iron dragons
  7 deep elf sorcerers
  5 ghost moths (Spider:4)
  2 emperor scorpions (Spider:4)
  14 balrugs
  3 deep elf elementalists
  4 cacodemons
  A draconian scorcher (Depths:5)
  2 orc warlords
  40 very ugly things
  3 draconian shifters
  23 war gargoyles
  44 reapers
  2 spriggan defenders
  3 elemental wellsprings
  6 ironheart preservers
  9 deep elf demonologists
  7 deep elf annihilators
  2 black draconians (Depths:5)
  2 vampire knights
  19 stone giants
  A lorocyproca (Dis:6)
  A dire elephant (Lair:6)
  2 green draconians (Depths:5)
  10 spark wasps
  6 bunyips
  4 deep elf death magi
  6 entropy weavers
  8 fire dragons
  The ghost of Zenkrye the Geomancer, a journeyman HuEE of Ashenzari (D:11)
  2 green deaths (Swamp:4)
  A minotaur (Gauntlet)
  15 blizzard demons
  14 ettins
  2 pearl dragon zombies (Depths:5)
  An ettin (shapeshifter) (Vaults:5)
  6 eleionomae
  A great orb of eyes (shapeshifter) (Abyss:3)
  2 crystal guardians
  16 great orbs of eyes
  14 deep elf high priests
  2 jiangshi (Depths:2)
  2 shambling mangroves
  3 quicksilver dragon skeletons
  8 rakshasas
  10 death oozes
  3 hell beasts
  12 yaktaur captains
  11 quicksilver dragon zombies
  A kraken zombie (Coc:3)
  Erolcha (D:10)
  28 ice dragons
  30 vault guards
  4 boulder beetles
  An ogre mage (Vaults:5)
  18 hydras
  2 naga warriors (Abyss:1)
  6 spriggan air magi
  7 alligators
  7 centaur warriors
  14 two-headed ogres
  An anaconda (shapeshifter) (Vaults:5)
  32 dancing weapons
  2 death knights
  6 death yaks
  8 deep troll shamans
  8 orc high priests
  2 vampire magi
  A queen ant (Lair:6)
  5 tengu warriors
  6 spriggan berserkers
  17 thrashing horrors
  8 deep troll earth magi
  22 hell hogs
  Urug (D:11)
  6 soul eaters
  5 storm dragon zombies
  23 deep elf knights
  6 iron golems
  28 hell knights
  9 wretched stars
  6 goliath frogs
  8 titan zombies
  3 shadow wraiths
  77 skeletal warriors
  13 sun demons
  2 sixfirhies
  11 iron trolls
  3 titan skeletons
  14 anaconda zombies
  A salamander mystic (Depths:2)
  A death drake (Swamp:4)
  10 flayed ghosts
  5 storm dragon skeletons
  20 large abominations
  A gelid demonspawn (Depths:3)
  2 spatial maelstroms (Abyss:3)
  13 unseen horrors
  4 golden dragon zombies
  19 deep trolls
  3 spriggan druids
  6 swamp dragons
  5 wizards
  12 deep elf archers
  A kraken simulacrum (Hell)
  3 bog bodies (Swamp:4)
  9 glowing orange brains
  An orange crystal statue (Depths:5)
  3 shadow demons
  9 shadow dragon zombies
  5 anaconda skeletons
  A lindwurm (Lair:6)
  15 wolf spiders
  31 deep elf pyromancers
  18 orb spiders
  19 orc knights
  8 ironbrand convokers
  26 deep elf zephyrmancers
  An obsidian statue (WizLab)
  A tengu zombie (Vaults:5)
  11 phantasmal warriors
  A harpy (Vaults:4)
  2 shadow dragon skeletons
  A wolf spider (shapeshifter) (Vaults:4)
  8 will-o-the-wisps
  4 golden dragon skeletons
  6 shining eyes
  8 wolf spider zombies
  2 worldbinders (WizLab)
  2 cyclopes (shapeshifter)
  10 frost giant zombies
  10 necromancers
  An orb spider (shapeshifter) (Vaults:2)
  8 stone giant zombies
  8 orc sorcerers
  3 iron dragon skeletons
  3 fire giant zombies
  A salamander (shapeshifter) (Vaults:5)
  58 ugly things
  5 oklob plants
  3 salamanders (Depths:2)
  10 cyclopes
  3 moths of wrath
  A shock serpent zombie (Geh:7)
  2 dire elephant zombies (Geh:7)
  8 frost giant skeletons
  12 vault sentinels
  The ghost of edricgarran the Cleaver, a novice MiBe of Trog (D:7)
  4 apis skeletons (Depths:5)
  5 fire giant skeletons
  A guardian serpent (shapeshifter) (Vaults:1)
  An elephant (shapeshifter) (Vaults:4)
  29 rust devils
  27 elephants
  4 ice statues (Coc:7)
  A guardian serpent (Depths:2)
  21 molten gargoyles
  9 black mambas
  6 stone giant skeletons
  A titan simulacrum (Coc:7)
  A cane toad (shapeshifter) (Vaults:4)
  An apocalypse crab (Depths:1)
  A water nymph (shapeshifter) (Vaults:2)
  3 emperor scorpion zombies
  4 orange demons
  3 torpor snails
  2 naga magi (D:15)
  3 shock serpent skeletons
  2 kobold demonologists
  13 smoke demons
  19 hellions
  A demonspawn skeleton (WizLab)
  Psyche (D:9)
  11 cane toads
  30 freezing wraiths
  4 dire elephant skeletons
  10 komodo dragons
  21 yaktaurs
  A catoblepas zombie (Dis:1)
  5 tengu conjurers
  35 tormentors
  6 rime drakes
  4 efreet
  5 hellwings
  A minotaur skeleton (Geh:7)
  A silent spectre (Abyss:3)
  5 anaconda simulacra
  28 red devils
  2 harpy zombies
  35 jumping spiders
  16 demonic crawlers
  68 ice devils
  8 ancient zymes (Abyss:3)
  2 queen bees
  An elf skeleton (Depths:1)
  A polar bear (Lair:2)
  A yaktaur skeleton (Vaults:5)
  11 trolls
  10 hydra skeletons
  15 hydra zombies
  A wolf spider simulacrum (IceCv)
  10 tyrant leeches
  22 blink frogs
  3 harpy skeletons
  12 raiju
  135 slime creatures
  18 hornets
  7 fire dragon zombies
  3 dream sheep (Lair:6)
  A hornet (shapeshifter) (Abyss:2)
  A meliai zombie (D:14)
  10 alligator zombies
  11 ettin zombies
  4 fire dragon skeletons
  17 shadows
  A stone giant simulacrum (Vaults:5)
  An alligator skeleton (Hell)
  An ice dragon skeleton (Geh:7)
  32 wraiths
  7 air elementals
  6 ice dragon zombies
  73 flying skulls
  45 redbacks
  20 water elementals
  7 ettin skeletons
  4 ynoxinuls
  12 tarantellas
  2 tarantellas (shapeshifter)
  5 wyverns
  2 dire elephant simulacra (IceCv)
  A yak (shapeshifter) (Vaults:4)
  7 fire bats
  12 spriggans
  Eustachio (D:5)
  A black mamba skeleton (Geh:3)
  19 yaks
  A vampire (D:13)
  5 basilisks
  52 fire elementals
  3 golden eyes (Slime:2)
  2 hogs (Lair:4)
  The ghost of slughead422 the Skirmisher, an amateur DsFi (D:3)
  A steam dragon (Lair:5)
  3 iron troll simulacra (IceCv)
  6 chaos spawn
  Edmund (D:5)
  A golden eye (shapeshifter) (Vaults:2)
  5 neqoxecs
  A harpy simulacrum (IceCv)
  3 spatial vortices
  11 wargs
  2 vampire mosquitoes (D:15)
  A yaktaur simulacrum (Vaults:5)
  A deep troll zombie (Vaults:5)
  A death yak simulacrum (IceCv)
  A naga (Abyss:1)
  A merfolk zombie (Coc:1)
  7 cane toad zombies
  An acid dragon (shapeshifter) (Vaults:2)
  13 swamp worms
  2 acid dragons (Vaults:1)
  A monstrous demonspawn zombie (Dis:7)
  A floating eye (shapeshifter) (Abyss:3)
  24 soldier ants
  A deep troll skeleton (Vaults:5)
  75 hell hounds
  5 hydra simulacra (IceCv)
  18 water moccasins
  A black bear (shapeshifter) (Elf:3)
  A manticore zombie (Dis:4)
  69 orc warriors
  11 eyes of draining
  2 swamp drakes (Swamp:1)
  6 snapping turtle zombies
  An alligator simulacrum (IceCv)
  A hornet zombie (D:10)
  An ettin simulacrum (IceCv)
  A sky beast (shapeshifter) (Vaults:2)
  11 ice beasts
  3 sky beasts
  An ice dragon simulacrum (Coc:7)
  10 necrophages
  15 ogres
  9 cane toad skeletons
  A tengu (shapeshifter) (Vaults:5)
  3 swamp dragon zombies
  13 wolves
  2 manticore skeletons
  13 centaurs
  3 snapping turtle skeletons
  3 swamp dragon skeletons
  4 human skeletons
  7 phantoms
  3 elf zombies
  23 bullfrogs
  17 small abominations
  Blork the orc (D:5)
  A human zombie (Vaults:2)
  5 kobold brigands
  A wyvern zombie (D:11)
  A deep troll simulacrum (Vaults:5)
  3 earth elementals (Elf:1)
  A cane toad simulacrum (Coc:4)
  A wyvern skeleton (D:15)
  2 troll zombies
  A scorpion (D:10)
  A manticore simulacrum (Abyss:3)
  43 killer bees
  A troll skeleton (Geh:5)
  63 wights
  4 electric eels
  4 howler monkeys
  4 vampire bats (Lair:6)
  7 centaur zombies
  6 crimson imps
  33 starcursed masses
  A draconian simulacrum (IceCv)
  6 jellies
  4 quasits
  A bullfrog zombie (D:9)
  A human simulacrum (Vaults:2)
  7 hounds
  Crazy Yiuf (D:7)
  32 orc priests
  3 bullfrog skeletons
  34 iron imps
  9 centaur skeletons
  4 iguanas
  Ijyb (D:3)
  26 orc wizards
  9 hell rats
  25 worker ants
  3 spriggan simulacra (IceCv)
  2 troll simulacra (IceCv)
  A wolf simulacrum (IceCv)
  3 centaur simulacra (IceCv)
  2 killer bee zombies
  6 ogre zombies
  A naga skeleton (Geh:7)
  A hound zombie (D:10)
  2 hound skeletons (D:7)
  6 mummies
  A worker ant zombie (D:10)
  Robin (D:1)
  7 gnolls
  2 river rats (D:8)
  21 adders
  2 ogre simulacra (IceCv)
  A shadow imp (Gauntlet)
  24 white imps
  15 ufetubi
  2 oozes (Lair:6)
  2 adder zombies
  3 worms
  A dart slug (D:1)
  4 leopard geckos
  137 orcs
  13 bats
  2 giant cockroaches
  19 goblins
  13 hobgoblins
  A jackal (shapeshifter) (Depths:1)
  2 jackals (D:8)
  33 kobolds
  10 quokkas
  7 frilled lizards
  A giant cockroach zombie (D:5)
  A goblin skeleton (D:11)
  2 goblin zombies (D:11)
  A hobgoblin skeleton (D:11)
  A hobgoblin zombie (D:11)
  2 kobold skeletons
  A leopard gecko zombie (D:8)
  6 orc skeletons
  10 orc zombies
  9 rats
  A briar patch (Swamp:4)
  A bush (D:7)
  A lurking horror (WizLab)
  4 starspawn tentacles
  5 tentacles
3772 creatures vanquished.

Vanquished Creatures (collateral kills)
  2 acid blobs (Slime:1)
  Asterion (Vaults:1)
  A stone giant (Vaults:4)
  A hell beast (Dis:7)
  An ugly thing (Depths:1)
  A slime creature (Slime:1)
  An eye of draining (Slime:1)
8 creatures vanquished.

Vanquished Creatures (others)
  An eldritch tentacle (Spider:3)
  An emperor scorpion (Spider:4)
  3 elemental wellsprings
  An ice dragon (Coc:7)
  A skeletal warrior (Coc:7)
  A ghost moth zombie (Geh:7)
  An anaconda zombie (Coc:7)
  A deep elf pyromancer (Elf:1)
  A deep elf zephyrmancer (Elf:1)
  An anaconda skeleton (Coc:4)
  An ugly thing (Vaults:2)
  A jumping spider (Spider:4)
  A polar bear (shapeshifter) (Depths:4)
  A tyrant leech (Swamp:4)
  A bloated husk (Swamp:4)
  An ettin skeleton (Geh:7)
  A flying skull (Coc:7)
  A shadow (Geh:7)
  A wraith (Geh:2)
  A fire bat (Abyss:3)
  3 humans (Lair:4)
  A wight (Dis:3)
  An iron imp (Dis:7)
  An orc (Elf:1)
  5 demonic plants (Gauntlet)
  29 foxfires
  54 fungi
  3 lurking horrors
  62 plants
  19 starspawn tentacles
  5 tentacles
205 creatures vanquished.

Grand Total: 3985 creatures vanquished

Notes
Turn   | Place    | Note
-------+----------+-------------------------------------------
     0 | D:1      | porpoise the Gargoyle Artificer began the quest for the
                  | Orb.
     0 | D:1      | Reached XP level 1. HP: 12/12 MP: 1/1
   491 | D:1      | Reached skill level 1 in Maces & Flails
   491 | D:1      | Reached XP level 2. HP: 16/17 MP: 2/2
   625 | D:1      | Reached skill level 2 in Fighting
   808 | D:1      | Reached XP level 3. HP: 21/22 MP: 3/3
  1215 | D:2      | Noticed Robin
  1361 | D:1      | Killed Robin
  1388 | D:1      | Reached skill level 3 in Fighting
  1388 | D:1      | Reached XP level 4. HP: 22/28 MP: 4/4
  1652 | D:2      | Found a broken altar of Ashenzari.
  1785 | D:2      | Learned a level 2 spell: Blink
  2658 | D:2      | Reached XP level 5. HP: 21/32 MP: 5/5
  3195 | D:3      | Noticed Ijyb
  3207 | D:3      | Killed Ijyb
  3208 | D:3      | Reached skill level 4 in Fighting
  3720 | D:3      | Reached XP level 6. HP: 39/39 MP: 6/6
  3907 | D:3      | Found a runed translucent gate.
  3908 | D:3      | Found a runed translucent gate.
  3909 | D:3      | Found a runed translucent gate.
  3911 | D:3      | Noticed slughead422's ghost (amateur DsFi)
  4359 | D:4      | Found an opulent altar of Gozag.
  4461 | D:4      | Reached skill level 5 in Fighting
  4783 | D:5      | Entered Level 5 of the Dungeon
  4862 | D:5      | Noticed Eustachio
  4880 | D:5      | Killed Eustachio
  4881 | D:5      | Reached skill level 5 in Maces & Flails
  4881 | D:5      | Reached XP level 7. HP: 44/44 MP: 7/7
  4996 | D:5      | Found a hazy altar of Hepliaklqana.
  5047 | D:5      | Found a staircase to the Ecumenical Temple.
  5072 | Temple   | Entered the Ecumenical Temple
  5272 | Temple   | Became a worshipper of the Shining One
  5292 | D:5      | Noticed Edmund
  5309 | D:5      | Killed Edmund
  5688 | D:5      | Noticed Blork the orc
  5700 | D:5      | Killed Blork the orc
  5910 | D:6      | Reached XP level 8. HP: 48/49 MP: 8/8
  5952 | D:6      | You fall into a shaft and drop 2 floors!
  5999 | D:8      | Reached skill level 5 in Armour
  6073 | D:6      | Reached skill level 1 in Dodging
  6224 | D:6      | Found a sparkling altar of Nemelex Xobeh.
  6365 | D:6      | Reached * piety under the Shining One
  6994 | D:7      | Reached skill level 1 in Shields
  6994 | D:7      | Reached skill level 1 in Invocations
  7150 | D:7      | Noticed a queen bee
  7207 | D:7      | Reached XP level 9. HP: 42/54 MP: 10/10
  7578 | D:7      | Reached ** piety under the Shining One
  7579 | D:7      | Found a transporter.
  7583 | D:7      | Found a transporter.
  7622 | D:7      | Noticed edricgarran's ghost (novice MiBe)
  7831 | D:7      | Found a runed translucent door.
  7832 | D:7      | Noticed Crazy Yiuf
  7842 | D:7      | Killed Crazy Yiuf
  8111 | D:8      | Reached skill level 5 in Dodging
  8291 | D:8      | Noticed a death yak
  8311 | D:8      | Reached skill level 6 in Fighting
  8311 | D:8      | Noticed a death yak
  8313 | D:8      | Noticed a death yak
  8320 | D:8      | Gained mutation: Your skin changes colour to match your
                  | surroundings (Stealth+). [potion of mutation]
  8320 | D:8      | Gained mutation: Your magical capacity is low. (-10% MP)
                  | [potion of mutation]
  8320 | D:8      | Gained mutation: Your large and strong wings let you fly
                  | indefinitely. [potion of mutation]
  8338 | D:8      | Killed a death yak
  8339 | D:8      | Reached skill level 7 in Fighting
  8339 | D:8      | Reached skill level 5 in Invocations
  8383 | D:8      | Reached XP level 10. HP: 63/63 MP: 12/12
  8428 | D:8      | Reached *** piety under the Shining One
  8475 | D:8      | Reached skill level 8 in Fighting
  8485 | D:8      | Killed a death yak
  8486 | D:8      | Reached skill level 9 in Fighting
  8505 | D:8      | HP: 1/66 [death yak (5)]
  8507 | D:8      | The Shining One protects you from harm!
  8515 | D:8      | Killed a death yak
  8603 | D:8      | Found a staircase to the Lair.
  8709 | D:8      | Noticed Gastronok
  8747 | D:8      | Killed Gastronok
  8748 | D:8      | Reached skill level 5 in Evocations
  8881 | D:8      | Found Teng's Assorted Antiques.
  8900 | D:8      | Bought a scroll labelled RAASHR QECWAMESS for 21 gold
                  | pieces
  8900 | D:8      | Bought a fluorescent wand for 84 gold pieces
  8900 | D:8      | Bought a scroll labelled CAFISIARUS for 21 gold pieces
  8957 | D:8      | Reached XP level 11. HP: 56/71 MP: 14/14
  9431 | D:9      | Noticed Psyche
  9438 | D:9      | Killed Psyche
  9439 | D:9      | Reached skill level 10 in Fighting
  9610 | D:9      | Found an iron altar of Okawaru.
  9973 | D:9      | Reached **** piety under the Shining One
 10267 | D:10     | Entered Level 10 of the Dungeon
 10314 | D:10     | Noticed Erolcha
 10337 | D:10     | Killed Erolcha
 10600 | D:10     | Noticed a two-headed ogre
 10614 | D:10     | Killed a two-headed ogre
 10615 | D:10     | Reached skill level 11 in Fighting
 11221 | D:11     | Noticed an unseen horror
 11221 | D:11     | Noticed a cyclops
 11237 | D:10     | Killed a cyclops
 11386 | D:11     | Noticed a centaur warrior
 11425 | D:10     | Killed a centaur warrior
 11432 | D:10     | Killed an unseen horror
 11433 | D:10     | Reached skill level 12 in Fighting
 11475 | D:11     | Identified the Grimoire of the Rocks
 11506 | D:11     | Identified the +1 ring mail of Bopeono {Int+8}
 11582 | D:11     | Reached ***** piety under the Shining One
 11600 | D:11     | Reached XP level 12. HP: 81/81 MP: 15/15
 11623 | D:11     | Noticed a storm dragon
 11634 | D:11     | Noticed Zenkrye's ghost (journeyman HuEE)
 11896 | D:11     | Found a staircase to the Orcish Mines.
 12103 | D:11     | Found a runed translucent gate.
 12103 | D:11     | Found a runed translucent gate.
 12103 | D:11     | Found a runed translucent gate.
 12828 | D:11     | Reached skill level 10 in Maces & Flails
 13456 | Lair:1   | Entered Level 1 of the Lair of Beasts
 13549 | Lair:1   | Found an ornate altar of the Wu Jian Council.
 13549 | Lair:1   | Found a hide-covered altar of Uskayaw.
 13549 | Lair:1   | Noticed a boulder beetle
 13613 | Lair:1   | Killed a boulder beetle
 13791 | Lair:1   | Noticed a seven-headed hydra
 13814 | Lair:1   | Killed a seven-headed hydra
 13953 | Lair:1   | Noticed an eight-headed hydra
 13964 | Lair:1   | Killed an eight-headed hydra
 14306 | Lair:1   | Reached XP level 13. HP: 83/86 MP: 17/17
 14595 | Lair:2   | Found a gate leading to a gauntlet.
 14641 | Gauntlet | Entered a Gauntlet
 14641 | Gauntlet | Found a transporter.
 14641 | Gauntlet | Found a transporter.
 14654 | Gauntlet | Found a transporter.
 14663 | Gauntlet | Found a transporter.
 14665 | Gauntlet | Found a large runed translucent door.
 14665 | Gauntlet | Found a large runed translucent door.
 14666 | Gauntlet | Found a large runed translucent door.
 14666 | Gauntlet | Found a large runed translucent door.
 14667 | Gauntlet | Found a large runed translucent door.
 14667 | Gauntlet | Found a runed translucent door.
 14667 | Gauntlet | Found a large runed translucent door.
 14667 | Gauntlet | Found a runed translucent door.
 14667 | Gauntlet | Found a large runed translucent door.
 14667 | Gauntlet | Found a large runed translucent door.
 14671 | Gauntlet | Found a large runed translucent door.
 14671 | Gauntlet | Found a large runed translucent door.
 14672 | Gauntlet | Found a large runed translucent door.
 14672 | Gauntlet | Found a large runed translucent door.
 14673 | Gauntlet | Found a large runed translucent door.
 14673 | Gauntlet | Found a large runed translucent door.
 14673 | Gauntlet | Found a large runed translucent door.
 14675 | Gauntlet | Found a runed translucent gate.
 14675 | Gauntlet | Found a runed translucent gate.
 14675 | Gauntlet | Found a runed translucent gate.
 14677 | Gauntlet | Found a transporter.
 14677 | Gauntlet | Reached ****** piety under the Shining One
 14688 | Gauntlet | Found a large runed translucent door.
 14690 | Gauntlet | Found a transporter.
 14710 | Gauntlet | Found a transporter.
 14791 | Gauntlet | Found a transporter.
 14796 | Gauntlet | Noticed a green death
 14801 | Gauntlet | Found a transporter.
 14811 | Gauntlet | Found a transporter.
 14817 | Gauntlet | Noticed a reaper
 14835 | Gauntlet | Found a transporter.
 14861 | Gauntlet | Found a transporter.
 14903 | Gauntlet | Found a transporter.
 14918 | Gauntlet | Found a transporter.
 15222 | Gauntlet | Killed a reaper
 15302 | Gauntlet | Identified the ring of the Lotus Blossom {rN+ MP+9 Str+2}
 15359 | Gauntlet | Noticed a minotaur
 15374 | Gauntlet | Killed a minotaur
 15764 | Lair:2   | Reached skill level 13 in Fighting
 16137 | Lair:2   | Found a hole to the Spider Nest.
 16197 | Lair:2   | You are sucked into a shaft and drop 2 floors!
 16207 | Lair:4   | Noticed Kirke
 17376 | Lair:3   | Identified the +6 scale mail of Tugedaax {rC+ Int+2 Slay+2}
 17436 | Lair:3   | Reached skill level 14 in Fighting
 17646 | Lair:3   | Mutation became permanent: Your large and strong wings let
                  | you fly indefinitely. [Gargoyle growth]
 17646 | Lair:3   | Gained mutation: Your large and strong wings let you fly
                  | indefinitely. [Gargoyle growth]
 17646 | Lair:3   | Reached XP level 14. HP: 92/96 MP: 18/18
 18096 | Lair:4   | Killed Kirke
 18595 | Lair:4   | Reached skill level 10 in Invocations
 18814 | Lair:4   | Found a staircase to the Swamp.
 19100 | Lair:4   | Identified the +2 rapier of Nyhejedy {elec, rElec rC+
                  | Will+}
 20878 | Orc:1    | Entered Level 1 of the Orcish Mines
 20907 | Orc:1    | Noticed Urug
 20955 | D:11     | Killed Urug
 21193 | Orc:2    | Entered Level 2 of the Orcish Mines
 21633 | Orc:2    | Found Pemykk's General Store.
 21667 | Orc:2    | Found Waicesif's Assorted Antiques.
 21801 | Orc:2    | Reached XP level 15. HP: 100/100 MP: 21/21
 22175 | Orc:1    | Found a bloodstained altar of Trog.
 22498 | Orc:2    | Found a staircase to the Elven Halls.
 22667 | Orc:2    | Reached skill level 5 in Shields
 23013 | Orc:2    | Noticed an orc warlord
 23042 | Orc:2    | Killed an orc warlord
 23221 | Orc:2    | Found Hehaleci's Antique Weapon Shop.
 23315 | Orc:2    | Bought a demon whip for 450 gold pieces
 23315 | Orc:2    | Identified a +2 sacred scourge of holy wrath (a +0 demon
                  | whip blessed by the Shining One)
 23315 | Orc:2    | Received a gift from the Shining One
 23356 | Orc:2    | Found Wyodiux's Weapon Boutique.
 23600 | D:13     | Found Gaminn's Antique Weapon Shoppe.
 24073 | D:13     | Found Zaummid's Assorted Antiques.
 24097 | D:13     | Found a gate to the Vaults.
 24099 | D:13     | Found Tinke's Armour Boutique.
 24179 | D:13     | Found a flickering gateway to a bazaar.
 24188 | Bazaar   | Entered a bazaar
 24194 | Bazaar   | Found Irushrir's Antique Weapon Boutique.
 24201 | Bazaar   | Found Tiaptuav's Antique Weapon Shoppe.
 24211 | Bazaar   | Found Vacoapt's Weapon Boutique.
 24229 | Bazaar   | Found Redd's Distillery.
 24234 | Bazaar   | Bought a potion of mutation for 144 gold pieces
 24234 | Bazaar   | Bought a potion of heal wounds for 90 gold pieces
 24234 | Bazaar   | Bought a potion of curing for 54 gold pieces
 24259 | Bazaar   | Bought a glowing hunting sling for 126 gold pieces
 24409 | D:13     | Paralysed by a kobold for 7 turns
 24499 | D:13     | Found Segum's Magic Scroll Boutique.
 24507 | D:13     | Bought a scroll of blinking for 105 gold pieces
 24507 | D:13     | Bought a scroll of acquirement for 728 gold pieces
 24507 | D:13     | Acquired a +2 kite shield of resistance
 25193 | D:15     | Entered Level 15 of the Dungeon
 25453 | D:15     | Reached skill level 10 in Armour
 25737 | D:15     | Reached XP level 16. HP: 106/106 MP: 22/22
 26043 | D:15     | Found a staircase to the Depths.
 26332 | D:14     | Reached skill level 10 in Shields
 26861 | D:14     | Found a portal to a secret trove of treasure.
 27960 | Lair:6   | Entered Level 6 of the Lair of Beasts
 28664 | Lair:6   | Noticed Rupert
 28694 | Lair:6   | Killed Rupert
 28987 | Swamp:1  | Entered Level 1 of the Swamp
 30388 | Swamp:2  | Reached XP level 17. HP: 108/111 MP: 24/24
 31209 | Swamp:4  | Entered Level 4 of the Swamp
 31341 | Swamp:4  | Reached skill level 15 in Invocations
 32028 | Swamp:4  | Reached skill level 15 in Fighting
 32314 | Swamp:4  | Got a decaying rune of Zot
 32482 | Spider:1 | Entered Level 1 of the Spider Nest
 33007 | Spider:2 | Found a frozen archway.
 33023 | Spider:2 | Reached XP level 18. HP: 119/119 MP: 26/26
 33064 | IceCv    | Entered an ice cave
 33525 | IceCv    | Noticed an Ice Fiend
 33554 | IceCv    | Killed an Ice Fiend
 33603 | IceCv    | Identified the +11 fustibalus "Enimeropt" {flame, *Slow
                  | rElec Str+2 Dex+4}
 34307 | Spider:2 | Reached skill level 16 in Fighting
 34354 | Spider:2 | Reached skill level 1 in Slings
 35246 | Spider:3 | Found a runed translucent gate.
 35246 | Spider:3 | Found a runed translucent gate.
 35247 | Spider:3 | Found a runed translucent gate.
 35248 | Spider:3 | Noticed Lobster4's ghost (adept DECj)
 35497 | Spider:3 | Noticed a Hell Sentinel
 35502 | Spider:3 | Gained mutation: Your spells are a little harder to cast,
                  | but a little more powerful. [mutagenic glow]
 35514 | Spider:3 | Gained mutation: You are dopey. (Int -2) [mutagenic glow]
 35533 | Spider:3 | Gained mutation: Armour fits poorly on your strangely
                  | shaped body. [mutagenic glow]
 35541 | Spider:3 | Noticed a Tzitzimitl
 35546 | Spider:3 | Killed a Hell Sentinel
 35560 | Spider:3 | Killed a Tzitzimitl
 35563 | Spider:3 | HP: 6/120 [Lobster4's ghost/iron shot (46)]
 35565 | Spider:3 | Gained mutation: Your magical capacity is very low. (-20%
                  | MP) [mutagenic glow]
 35570 | Spider:3 | Killed Lobster4's ghost
 35596 | Spider:3 | Lost mutation: Armour fits poorly on your strangely shaped
                  | body. [mutagenic glow]
 35667 | Spider:3 | Identified the +0 helmet of Jihiev {rC+ Will+}
 35709 | Spider:4 | Entered Level 4 of the Spider Nest
 36160 | Spider:4 | Reached skill level 5 in Slings
 36308 | Spider:4 | Noticed Arachne
 36423 | Spider:4 | Killed Arachne
 36589 | Spider:4 | Got a gossamer rune of Zot
 36957 | Spider:4 | Reached XP level 19. HP: 118/125 MP: 24/24
 37773 | Elf:1    | Entered Level 1 of the Elven Halls
 37913 | Elf:1    | Found a radiant altar of Vehumet.
 38247 | Elf:1    | Reached skill level 15 in Shields
 38494 | Elf:1    | Found a runed translucent gate.
 38494 | Elf:1    | Found a runed translucent gate.
 38494 | Elf:1    | Found a runed translucent gate.
 38494 | Elf:1    | Found a runed translucent gate.
 38494 | Elf:1    | Found a runed translucent gate.
 38496 | Elf:1    | Found a runed translucent gate.
 38953 | Elf:1    | Found Zeariluf's General Store.
 39013 | Elf:1    | Acquired a manual of Shields
 39174 | Elf:1    | Reached skill level 10 in Evocations
 39290 | Elf:2    | Found a magical portal.
 39302 | WizLab   | Entered The Roulette of Golubria
 39302 | WizLab   | Found a transporter.
 39313 | WizLab   | Found a corrupted altar of Lugonu.
 39340 | WizLab   | Found a transporter.
 39340 | WizLab   | Found a transporter.
 39469 | WizLab   | Found a transporter.
 39531 | WizLab   | Found a transporter.
 39579 | WizLab   | Found a transporter.
 39603 | WizLab   | Found a transporter.
 39670 | WizLab   | Found a transporter.
 39712 | WizLab   | Found a transporter.
 39758 | WizLab   | Found a corrupted altar of Lugonu.
 39760 | WizLab   | Found a transporter.
 39819 | WizLab   | Found a transporter.
 39877 | WizLab   | Found a transporter.
 39877 | WizLab   | Found a transporter.
 39916 | WizLab   | Found a transporter.
 39916 | WizLab   | Found a transporter.
 39964 | WizLab   | Found a transporter.
 40019 | WizLab   | Identified the +0 cloak "Kusuqew" {rC+ rN+ rCorr}
 40041 | WizLab   | Identified the +0 cloak of Spite {Int+2 Slay+2}
 40074 | WizLab   | Identified the +1 cloak of Dasiceh {rN+ SInv}
 40092 | WizLab   | Identified the Almanac of Translocation
 40247 | Elf:2    | Reached skill level 17 in Fighting
 40573 | Elf:2    | Found a runed translucent gate.
 40573 | Elf:2    | Found a runed translucent gate.
 40573 | Elf:2    | Found a runed translucent gate.
 40867 | Elf:2    | Reached XP level 20. HP: 134/134 MP: 25/25
 41601 | Elf:3    | Entered Level 3 of the Elven Halls
 41711 | Elf:3    | Noticed Nikola
 41725 | Elf:3    | Killed Nikola
 42740 | Elf:3    | Reached skill level 18 in Fighting
 42792 | Elf:3    | Noticed a Brimstone Fiend
 42900 | Elf:3    | Identified the +9 falchion of Circular Logic {vorpal,
                  | +Blink rF++ rC+++ Int-2}
 42900 | Elf:3    | Identified the ring of Dyllas {MP+9 Str+3}
 42922 | Elf:3    | Identified the +11 war axe of a bazaar {holy, rN+ Will-
                  | Int+4}
 42946 | Elf:3    | Noticed a Brimstone Fiend
 43242 | Elf:3    | Identified the +8 lajatang of the Shallot {freeze, rElec
                  | rPois rF+ rC-}
 43316 | Elf:3    | Identified the Grimoire of Dark Magic and Snow
 43434 | Elf:3    | Identified the +8 shortbow of Burnt Reinforcement {flame,
                  | *Slow rC+ SInv}
 43466 | Elf:3    | Identified Liyseli's Almanac of Envenoming and Sinister
                  | Secrets
 44051 | D:3      | Killed slughead422's ghost
 44219 | D:7      | Killed edricgarran's ghost
 44354 | D:11     | Killed Zenkrye's ghost
 44496 | D:13     | Bought a scroll of identify for 28 gold pieces
 44496 | D:13     | Bought a scroll of vulnerability for 105 gold pieces
 44496 | D:13     | Bought a scroll of teleportation for 42 gold pieces
 44500 | D:13     | Bought a scroll of enchant armour for 105 gold pieces
 44836 | Vaults:1 | Entered Level 1 of the Vaults
 45072 | Vaults:1 | Found Cudod's Assorted Antiques.
 45083 | Vaults:1 | Bought an ancient chain mail for 256 gold pieces
 45083 | Vaults:1 | Identified the +6 chain mail "Ruigh" {+Blink rElec} (You
                  | bought it in a shop on level 1 of the Vaults)
 45178 | Vaults:1 | Reached skill level 10 in Slings
 45298 | Vaults:1 | Reached XP level 21. HP: 141/141 MP: 25/25
 45582 | Vaults:1 | Noticed Asterion
 45593 | Vaults:1 | Killed Asterion
 45671 | Vaults:1 | Acquired 557 gold pieces
 46375 | Vaults:2 | Reached skill level 10 in Dodging
 46855 | Vaults:2 | Acquired a +1 crystal plate armour
 46973 | Vaults:2 | Found a staircase to the Crypt.
 46973 | Vaults:2 | Found an ancient bone altar of Kikubaaqudgha.
 47117 | Vaults:2 | Found Wifuacu Ureo's General Store.
 47708 | Vaults:3 | Found a flickering gateway to a bazaar.
 47717 | Bazaar   | Entered a bazaar
 47767 | Bazaar   | Found Xuxut's Magic Scroll Emporium.
 47767 | Bazaar   | Found Jojottuj's General Store.
 47773 | Bazaar   | Bought a scroll of magic mapping for 35 gold pieces
 47773 | Bazaar   | Bought a scroll of fog for 20 gold pieces
 47773 | Bazaar   | Bought 24 sling bullets for 120 gold pieces
 47773 | Bazaar   | Bought 19 sling bullets for 95 gold pieces
 47779 | Bazaar   | Bought a scroll of enchant weapon for 52 gold pieces
 47779 | Bazaar   | Bought a scroll of enchant weapon for 52 gold pieces
 47779 | Bazaar   | Bought a scroll of magic mapping for 24 gold pieces
 47779 | Bazaar   | Bought 3 scrolls of silence for 157 gold pieces
 47792 | Bazaar   | Found Suigodgh's Distillery.
 47792 | Bazaar   | Found Fipnim's Book Shoppe.
 47804 | Bazaar   | Bought a potion of ambrosia for 104 gold pieces
 47804 | Bazaar   | Bought a potion of mutation for 104 gold pieces
 47804 | Bazaar   | Bought a potion of curing for 39 gold pieces
 47804 | Bazaar   | Bought a potion of curing for 39 gold pieces
 47804 | Bazaar   | Bought a potion of curing for 39 gold pieces
 47804 | Bazaar   | Bought a potion of curing for 39 gold pieces
 47804 | Bazaar   | Bought a potion of curing for 39 gold pieces
 47817 | Bazaar   | Found Payps's Distillery.
 47866 | Bazaar   | Bought a potion of might for 44 gold pieces
 47866 | Bazaar   | Bought a potion of curing for 33 gold pieces
 47866 | Bazaar   | Bought a potion of might for 44 gold pieces
 47866 | Bazaar   | Bought a potion of heal wounds for 55 gold pieces
 47866 | Bazaar   | Bought a potion of haste for 110 gold pieces
 47866 | Bazaar   | Bought a potion of cancellation for 88 gold pieces
 47866 | Bazaar   | Bought a potion of cancellation for 88 gold pieces
 49604 | D:14     | You paid a toll of 4 potions of resistance to enter a
                  | treasure trove
 49605 | Trove    | Entered a treasure trove
 49671 | D:14     | Learned a level 2 spell: Swiftness
 50091 | Vaults:4 | Found a large runed translucent door.
 50091 | Vaults:4 | Found a large runed translucent door.
 50091 | Vaults:4 | Noticed quaternion's ghost (veteran MiFi)
 50091 | Vaults:4 | Noticed Silenth's ghost (adept DrFE)
 50122 | Vaults:4 | Noticed Jory
 50141 | Vaults:4 | Killed quaternion's ghost
 50142 | Vaults:4 | Reached XP level 22. HP: 76/147 MP: 13/26
 50167 | Vaults:4 | Killed Jory
 50171 | Vaults:4 | Killed Silenth's ghost
 50335 | Vaults:4 | Found Vumaes's Armour Boutique.
 51065 | Vaults:4 | Paralysed by a sphinx for 3 turns
 52067 | Depths:1 | Entered Level 1 of the Depths
 52068 | Depths:1 | Upgraded the game from 0.27-a0-531-gb72ec1a1b6 to
                  | 0.27-a0-538-g15ff5c5295
 52099 | Depths:1 | Noticed a profane servitor
 52119 | Depths:1 | Found a gateway to Hell.
 52425 | Depths:1 | Learned a level 1 spell: Apportation
 52739 | Depths:1 | Noticed a dread lich
 52748 | Depths:1 | Found a one-way gate to the infinite horrors of the Abyss.
 52774 | Depths:1 | Noticed Isucew's ghost (adept DEFE)
 52817 | Depths:1 | Identified the +8 morningstar of the Harvest {distort,
                  | Str+6 Int-3 Stlth+}
 52839 | Depths:1 | Found a transporter.
 52839 | Depths:1 | Found a transporter.
 53787 | Depths:2 | Found a runed translucent door.
 53901 | Depths:2 | Identified the ring "Neynn" {Fire rPois MP+9 Str+3 Stlth-}
 53911 | Depths:2 | Noticed a caustic shrike
 53912 | Depths:2 | Noticed a juggernaut
 54109 | Depths:2 | Reached XP level 23. HP: 153/153 MP: 27/27
 54195 | Depths:2 | Found Alleot's Book Boutique.
 54196 | Depths:2 | Found Xaiblil's Jewellery Shoppe.
 54198 | Depths:2 | Found Afokkaga's Book Boutique.
 54378 | D:13     | Bought the +4 fire dragon scales "Booghuosics" {rElec rF++
                  | rC- Regen+ Str+2 Dex+4} for 1569 gold pieces
 54809 | Depths:2 | Noticed a golden dragon
 54867 | Depths:1 | Killed a golden dragon
 54984 | Depths:2 | Reached skill level 19 in Fighting
 55034 | Depths:2 | Killed a juggernaut
 55040 | Depths:2 | Found a runed translucent door.
 55067 | Depths:2 | Found a runed translucent door.
 55095 | Depths:2 | Killed a caustic shrike
 55685 | Depths:3 | Found Caasmur's Jewellery Emporium.
 55831 | Depths:3 | Identified the +2 scale mail of Ciqalloq {Dex+4}
 56035 | Depths:3 | Reached skill level 20 in Fighting
 56480 | Depths:3 | Found a one-way gate leading to the halls of Pandemonium.
 56721 | Depths:4 | Noticed Mennas
 56784 | Depths:4 | Killed Mennas
 56973 | Depths:4 | Reached skill level 15 in Evocations
 57071 | Depths:4 | Noticed Margery
 57081 | Depths:4 | Killed Margery
 57169 | Depths:4 | Reached XP level 24. HP: 164/164 MP: 27/27
 57290 | Depths:4 | Reached skill level 21 in Fighting
 58916 | Depths:5 | Entered Level 5 of the Depths
 59187 | Depths:5 | Found a gateway to a ziggurat.
 59220 | Depths:5 | Reached skill level 22 in Fighting
 59784 | Depths:5 | Found a gate to the Realm of Zot.
 60757 | Vaults:5 | Entered Level 5 of the Vaults
 60778 | Vaults:5 | Reached XP level 25. HP: 148/175 MP: 27/27
 60851 | Vaults:4 | Reached skill level 23 in Fighting
 61013 | Vaults:5 | Noticed a dread lich
 61093 | Vaults:4 | Paralysed by a dread lich for 7 turns
 61101 | Vaults:4 | Killed a dread lich
 61354 | Vaults:4 | Reached skill level 15 in Maces & Flails
 61852 | Vaults:5 | Identified the +8 scale mail of Ogemag {rPois rC- rN+
                  | Str+2}
 61867 | Vaults:5 | Identified the amulet of Perfectionism {Will++ Regen+ Str+2
                  | Dex-3}
 61879 | Vaults:5 | Identified the Tome of Supportive Dark Magic
 61887 | Vaults:5 | Identified the +9 hand crossbow of Exoneration {vorpal,
                  | rPois Str+3 Dex-3}
 61890 | Vaults:5 | Identified Boquet Wewe's Disquisition on Ghastly Heat
 62253 | Vaults:5 | Found Apicamen's Magic Scroll Emporium.
 62260 | Vaults:5 | Bought a scroll of enchant armour for 135 gold pieces
 62260 | Vaults:5 | Bought a scroll of holy word for 135 gold pieces
 62582 | Vaults:5 | Noticed an ancient lich
 62590 | Vaults:5 | Killed an ancient lich
 62743 | Vaults:5 | Reached XP level 26. HP: 183/183 MP: 28/28
 62798 | Vaults:5 | Got a silver rune of Zot
 62987 | Vaults:5 | Found Isaen's Magic Scroll Shoppe.
 62992 | Vaults:5 | Bought a scroll of magic mapping for 35 gold pieces
 62992 | Vaults:5 | Bought a scroll of enchant armour for 75 gold pieces
 63849 | Lair:6   | Found a staircase to the Slime Pits.
 64160 | Lair:6   | Reached skill level 15 in Armour
 64634 | Lair:6   | Upgraded the game from 0.27-a0-538-g15ff5c5295 to
                  | 0.27-a0-550-ge92ec0ca06
 64642 | Slime:1  | Entered Level 1 of the Pits of Slime
 64933 | D:13     | Bought a glowing broad axe for 168 gold pieces
 65305 | Depths:3 | Bought a ring of the Octopus King {rC+ AC+1 EV+1 Str+1
                  | Int+1 Dex+1} for 560 gold pieces
 65305 | Depths:3 | Found the ring of the Octopus King {rC+ AC+1 EV+1 Str+1
                  | Int+1 Dex+1}
 65777 | Hell     | Entered the Vestibule of Hell
 65777 | Hell     | Noticed Murray
 65777 | Hell     | Noticed Geryon
 65864 | Depths:1 | Killed Murray
 65940 | Hell     | Killed Geryon
 65950 | Hell     | Reached skill level 24 in Fighting
 66104 | Hell     | Found a gateway to the ashen valley of Gehenna.
 66201 | Hell     | Found a gateway to the Iron City of Dis.
 66839 | Hell     | Found a gateway to the freezing wastes of Cocytus.
 66903 | Hell     | Found a gateway to the decaying netherworld of Tartarus.
 67011 | Depths:3 | Voluntarily entered the Abyss.
 67167 | Abyss:1  | Noticed an ancient lich
 67190 | Abyss:1  | Killed an ancient lich
 67199 | Abyss:1  | Paralysed by accursed screaming for 2 turns
 67418 | Abyss:2  | Found a corrupted altar of Lugonu.
 67450 | Abyss:2  | Paralysed by accursed screaming for 1 turns
 68166 | Abyss:3  | Identified the Volume of Autotheism
 68179 | Abyss:3  | Identified Jiduxec's Grimoire of the Entourage
 68233 | Abyss:3  | Identified the Tome of Enchantment
 68237 | Abyss:3  | Identified Sif Muna's Catalogue of Weightlessness
 68239 | Abyss:3  | Identified Cyped's Handbook of Dark Magic
 68248 | Abyss:3  | Identified Qubiquesk's Almanac of Lightness
 68257 | Abyss:3  | Identified Sarij's Grimoire of Feathers
 68265 | Abyss:3  | Identified the Handbook of Battle Magic
 68284 | Abyss:3  | Found a corrupted altar of Lugonu.
 68720 | Abyss:3  | Acquired 1176 gold pieces
 68932 | Abyss:3  | Reached XP level 27. HP: 178/190 MP: 28/28
 68959 | Abyss:3  | Reached skill level 15 in Dodging
 69110 | Abyss:3  | Paralysed by accursed screaming for 1 turns
 69165 | Abyss:3  | Noticed an ancient lich
 69231 | Abyss:3  | Killed an ancient lich
 69236 | Abyss:3  | Paralysed by a floating eye for 2 turns
 69322 | Abyss:3  | Got an abyssal rune of Zot
 69377 | Depths:3 | Escaped the Abyss
 70696 | Slime:2  | Gained mutation: Scrolls take you a little longer to read.
                  | [a shining eye]
 71937 | Slime:5  | Entered Level 5 of the Pits of Slime
 72022 | Slime:5  | Noticed the Royal Jelly
 72023 | Slime:5  | Found the ring of Shadows {Umbra +Inv Stlth+}
 72023 | Slime:5  | Found a viscous altar of Jiyva.
 72035 | Slime:5  | Killed the Royal Jelly
 72411 | Slime:5  | Identified the ring "Fugoe" {Ice rN+ Will++ Int+2}
 72440 | Slime:5  | Identified the ring "Anoff" {rElec rPois rF+ Int-2 Dex+6}
 72532 | Slime:5  | Got a slimy rune of Zot
 72976 | Slime:5  | Identified the +0 cloak "Noejeyf" {Str+3}
 73571 | Geh:1    | Entered Level 1 of Gehenna
 75457 | Geh:7    | Entered Level 7 of Gehenna
 75690 | Geh:7    | Noticed the Serpent of Hell
 75716 | Geh:7    | Killed the Serpent of Hell
 75933 | Geh:7    | Found the +7 sceptre of Asmodeus
 75933 | Geh:7    | Noticed Asmodeus
 75997 | Geh:7    | Killed Asmodeus
 76099 | Geh:7    | Identified the +1 buckler "Daffigimn" {Harm *Slow rF-
                  | Str+7}
 76917 | Coc:1    | Entered Level 1 of Cocytus
 78499 | Coc:7    | Entered Level 7 of Cocytus
 78895 | Coc:7    | Identified the +5 ring mail of the Shoals {+Inv Regen+
                  | Int+2}
 78897 | Coc:7    | Identified the Volume of the Venomous Traveller
 79570 | Coc:7    | Reached skill level 25 in Fighting
 79983 | Coc:7    | Noticed Antaeus
 80150 | Coc:7    | Identified the +5 quarterstaff "Qikh" {venom, Int+3}
 80155 | Coc:7    | Identified the +1 long sword of the Middle {vorpal, Fragile
                  | rC++ Dex+4}
 80390 | Coc:7    | Killed Antaeus
 80461 | Coc:7    | Got an icy rune of Zot
 81209 | Geh:7    | Reached skill level 26 in Fighting
 81534 | Geh:7    | Got an obsidian rune of Zot
 81975 | Vaults:5 | Bought a scroll of enchant weapon for 135 gold pieces
 81975 | Vaults:5 | Bought a scroll of enchant weapon for 135 gold pieces
 82747 | Depths:1 | Killed Isucew's ghost
 82760 | Depths:1 | Gained mutation: Your body sometimes deteriorates upon
                  | taking damage. [a cacodemon]
 82788 | Depths:1 | Killed a dread lich
 83230 | Lair:1   | Lost mutation: Your spells are a little harder to cast, but
                  | a little more powerful. [potion of mutation]
 83230 | Lair:1   | Lost mutation: Your body sometimes deteriorates upon taking
                  | damage. [potion of mutation]
 83230 | Lair:1   | Lost mutation: Your magical capacity is very low. (-20% MP)
                  | [potion of mutation]
 83230 | Lair:1   | Lost mutation: You are dopey. (Int -2) [potion of mutation]
 83230 | Lair:1   | Gained mutation: Scrolls take you longer to read. [potion
                  | of mutation]
 83230 | Lair:1   | Gained mutation: You are robust. (+10% HP) [potion of
                  | mutation]
 83231 | Lair:1   | Lost mutation: You are robust. (+10% HP) [potion of
                  | mutation]
 83231 | Lair:1   | Lost mutation: Scrolls take you longer to read. [potion of
                  | mutation]
 83231 | Lair:1   | Lost mutation: Scrolls take you a little longer to read.
                  | [potion of mutation]
 83231 | Lair:1   | Gained mutation: You are frail. (-10% HP) [potion of
                  | mutation]
 83231 | Lair:1   | Gained mutation: Scrolls take you a little longer to read.
                  | [potion of mutation]
 83231 | Lair:1   | Gained mutation: Your muscles are strong. (Str +2) [potion
                  | of mutation]
 83232 | Lair:1   | Lost mutation: Your magical capacity is low. (-10% MP)
                  | [potion of mutation]
 83232 | Lair:1   | Lost mutation: You are frail. (-10% HP) [potion of
                  | mutation]
 83232 | Lair:1   | Lost mutation: Your muscles are strong. (Str +2) [potion of
                  | mutation]
 83232 | Lair:1   | Lost mutation: Scrolls take you a little longer to read.
                  | [potion of mutation]
 83232 | Lair:1   | Gained mutation: Your flesh is cold resistant. (rC+)
                  | [potion of mutation]
 83232 | Lair:1   | Gained mutation: You are strong-willed. (Will+) [potion of
                  | mutation]
 83499 | Dis:1    | Entered Level 1 of the Iron City of Dis
 83593 | Dis:1    | Reached skill level 1 in Spellcasting
 83593 | Dis:1    | Reached skill level 1 in Translocations
 84227 | Dis:5    | Reached skill level 5 in Spellcasting
 84227 | Dis:5    | Reached skill level 5 in Translocations
 84234 | Dis:5    | HP: 2/196 [iron giant/+0 giant club (26)]
 85110 | Dis:7    | Entered Level 7 of the Iron City of Dis
 85210 | Dis:7    | Learned a level 4 spell: Manifold Assault
 85214 | Dis:7    | Learned a level 3 spell: Portal Projectile
 85412 | Dis:7    | Reached skill level 10 in Translocations
 86066 | Dis:7    | Reached skill level 1 in Hexes
 86080 | Dis:7    | Reached skill level 1 in Air Magic
 86102 | Dis:7    | Learned a level 4 spell: Passage of Golubria
 86239 | Dis:7    | Identified the +8 hunting sling "Fiovipnu" {flame, *Drain
                  | +Blink Str+2 Int+7}
 86564 | Dis:7    | Gained mutation: Armour fits poorly on your strangely
                  | shaped body. [a cacodemon]
 86718 | Dis:7    | Identified the +3 broad axe of Unreason {vorpal, +Blink}
 87080 | Dis:7    | Found the +4 staff of Dispater
 87080 | Dis:7    | Noticed Dispater
 87095 | Dis:7    | Reached skill level 5 in Hexes
 87104 | Dis:7    | Gained mutation: Scrolls take you a little longer to read.
                  | [a cacodemon]
 87281 | Dis:7    | Reached skill level 5 in Air Magic
 87321 | Dis:7    | Upgraded the game from 0.27-a0-550-ge92ec0ca06 to
                  | 0.27-a0-562-g0d39f094a4
 87387 | Dis:7    | Killed from afar by a Hell Sentinel

Illustrated notes

Levels and vault maps discovered:
D:1:      dpeg_arrival_snail, layout_basic, minmay_pentomino_t2
D:2:      layout_basic, overflow_temple_1_default, minmay_splitting_lines,
          uniq_robin
D:3:      layout_rooms, gammafunk_ghost_nasty_kobolds, uniq_ijyb
D:4:      layout_rooms, grunt_gozag_breadcrumbs, kennysheep_generic_room_5
D:5:      layout_gridville, nzn_hepliaklqana_mist_gate,
          minmay_temple_entry_stoned_glass, uniq_blork_the_orc, uniq_eustachio,
          uniq_edmund
D:6:      layout_loops_ring, nemelex_xobeh_ov_fountains_minmay
D:7:      layout_rooms, gammafunk_ghost_hive, st_stairs_4,
          uniq_crazy_yiuf_cottage
D:8:      layout_cave_pods, dpeg_lair_monsters, serial_shops,
          nicolae_shop_overgrown_old_shop, serial_glass, glass_columns_a,
          glass_columns_c, uniq_gastronok
D:9:      layout_rooms, serial_glass, glass_columns_c, glass_columns_a,
          okawaru_metal_pillars_3, uniq_psyche
D:10:     layout_roguey, uniq_erolcha
D:11:     layout_rooms, zombieorc1_lemuel, gammafunk_ghost_split,
          serial_park_tiny_pond, lightli_fourway_metalbox
D:12:     layout_big_octagon, serial_column_ruins, column_ruins_hut,
          column_ruins_hut_ruined, column_ruins_open_large,
          column_ruins_open_medium, column_ruins_columns_straight,
          column_ruins_open_small_water, column_ruins_open_tiny,
          grunt_ministairs_8
D:13:     layout_basic, erik_vaults_1, serial_shops, bzr_firewalk,
          kennysheep_little_box, nicolae_shop_trees, nicolae_shop_behind_doors,
          kennysheep_mini
D:14:     layout_basic, enter_trove_2
D:15:     grunt_enter_depths_magical_seal, layout_cave_pools,
          minmay_misc_feat_rows
Temple:   eino_narrow_crystal_temple
Lair:1:   layout_roguey, nzn_masters_of_martial_movement
Lair:2:   layout_roguey [special_room_bee], spider_nest_entry_a,
          gauntlet_entry_generic
Lair:3:   layout_cave_pods, grunt_megastairs_1, serial_bayou_shore_a
Lair:4:   statuecave_lemuel, layout_regular_city, palyth_hydra_swamp_entry,
          uniq_kirke
Lair:5:   layout_roguey, minmay_lair_oklob_chamber, serial_bayou_shore_b
Lair:6:   hangedman_lair_in_review, layout_cave_pods,
          nicolae_slime_entry_slimehenge, roderic_batcave, minivault_29,
          uniq_rupert
Swamp:1:  layout_falls_marsh, evilmike_swamp_ruin_house_1, swamp_pool1
Swamp:2:  layout_basic_swamp, evilmike_swamp_ruin_house_4
Swamp:3:  layout_falls_marsh, evilmike_swamp_ruin_house_5
Swamp:4:  swamp_vile, layout_basic_swamp
Spider:1: layout_spider_delve
Spider:2: layout_spider_delve, portal_ice_cave_entry_pillars_2,
          nicolae_spider_circle_web
Spider:3: layout_spider_delve, gammafunk_ghost_tricky_traps
Spider:4: johnstein_spider_rune_arachne_lair
Slime:1:  layout_caves
Slime:2:  layout_caves
Slime:3:  layout_caves
Slime:4:  layout_caves
Slime:5
Orc:1:    layout_caves, trog_hazing_becter, uniq_urug
Orc:2:    pubby_orc_utopia, serial_shops
Elf:1:    eino_elf_arrival_altar, layout_gridlike, serial_shops,
          nicolae_shop_crystal, orc_legates, minivault_25_ag
Elf:2:    layout_geoelf_diagonals, mu_enter_wizlab_4
Elf:3:    minmay_elf_hall_not_hex, layout_geoelf_castle, uniq_nikola
Vaults:1: hangedman_vaults_maws, nicolae_vaults_mini_display_case,
          nicolae_vaults_network_quincunx
          [nicolae_vaults_network_quincunx_subvault,
          nicolae_vaults_network_quincunx_subvault,
          nicolae_vaults_network_quincunx_subvault,
          nicolae_vaults_network_quincunx_subvault,
          nicolae_vaults_network_quincunx_subvault], v_alt_pattern_3,
          ontoclasm_vaults_hangar, hangedman_vaults_stitches,
          nicolae_vaults_angled_halls, v_misc_14,
          nicolae_vaults_border_crossing, vaults_dpeg_ring, vaults_room_corners,
          nicolae_vaults_shelves_hall, layout_vaults_omnicross, serial_shops,
          nicolae_shop_trees, uniq_asterion
Vaults:2: v_misc_27, nicolae_vaults_big_angled_halls, v_misc_13,
          vaults_room_fours, ontoclasm_vaults_twist, dpeg_vaults_monster_box,
          minmay_crypt_entry_necro_gods, st_more_cells, layout_vaults_big_room,
          serial_shops, nicolae_shop_behind_doors
Vaults:3: v_misc_15, ontoclasm_vaults_misaligned, v_alt_pattern_5,
          layout_vaults_omnigrid, serial_shops, bzr_in_the_mist
Vaults:4: advil_vaults_ghost_guards, nicolae_vaults_rhombus_5,
          special_room_vaults [special_room_orc], v_misc_25,
          grunt_vaults_hallway_long, ontoclasm_vaults_pinch,
          hangedman_vaults_stretched_pinwheel, ontoclasm_vaults_idyll,
          vaults_room_pools, v_rooms_5, v_rooms_6, ontoclasm_vaults_gateway,
          v_alt_pattern_4, ontoclasm_vaults_ring_small,
          nicolae_vaults_disjoint_gnomons, nicolae_vaults_angled_halls,
          layout_vaults_maze_bifur, serial_shops, nicolae_shop_stone, uniq_jory
Vaults:5: serial_shops
Depths:1: layout_cave_shapes, pf_coc_iceberg, gammafunk_ghost_abyssal_escape,
          columned_hall_lemuel, serial_sigils_hangedman_scratch, st_stairs_9,
          minmay_librarian
Depths:2: minmay_the_grid_triangle_9x9_rhombus_thin_mashed
          [minmay_the_grid_triangle_9x9_odd_lines,
          minmay_the_grid_triangle_9x9_prize_schism,
          minmay_the_grid_triangle_9x9_tough_junction,
          minmay_the_grid_triangle_9x9_subtriangle], layout_gridlike,
          chequers_serial_rivers_room_b, hangedman_geh_valley,
          fake_guardian_serpent_vault, serial_bayou_shore_b, grunt_megastairs_5,
          minmay_staircase_statues, minmay_shop_grove
Depths:3: cheibrodos_tormentor_scu, layout_long_grid, grunt_hell_entry_dis_old,
          minmay_misc_feat_x, rand_demon_pan_entry_4, serial_shops, shop,
          abyss_entry
Depths:4: nzn_winding_woodlands_small
          [nzn_winding_woodlands_5x15_pathside_ponds,
          nzn_winding_woodlands_center_triple_pond,
          nzn_winding_woodlands_5x15_lazy_stream], layout_cave_pools,
          hell_entry, hangedman_abyss_entry_splay, pan_entry,
          hangedman_decor_lopped, infiniplex_staircase_spiral, uniq_margery,
          uniq_mennas
Depths:5: grunt_zot_entry_bicorn, layout_cave_shapes, enter_ziggurat_f,
          grunt_pan_entry_in_and_out, amcnicky_mini_rare_corridor_liquid,
          hell_entry, minivault_16, st_stairs_1, hangedman_blasphemy
Hell
Dis:1:    layout_regular_city, hangedman_dis_decor_blocks_crown
Dis:2:    layout_gridville
Dis:3:    layout_chaotic_city, nrook_loot_triangle
Dis:4:    layout_gridville
Dis:5:    layout_chaotic_city, grunt_megastairs_2
Dis:6:    layout_overlapping_boxes
Dis:7:    iron_city_of_dis [dis_grunt, dis_wall_7], layout_chaotic_city
Geh:1:    layout_gehenna_lava_caves
Geh:2:    layout_gehenna_pools_triple
Geh:3:    layout_gehenna_lava_caves
Geh:4:    layout_gehenna_lava_caves, hangedman_elemental_grid_stream
Geh:5:    layout_gehenna_pools_triple
Geh:6:    layout_gehenna_lava_caves
Geh:7:    geh_old
Coc:1:    layout_ice_bergs
Coc:2:    layout_cocytus_water_paths
Coc:3:    layout_ice_bergs
Coc:4:    layout_ice_bergs
Coc:5:    layout_cocytus_water_paths
Coc:6:    layout_cocytus_water_paths
Coc:7:    coc_mu

Skill      XL: |  1  2  3  4  5  6  7  8  9 10 11 12 13 14 15 16 17 18 19 20 21 22 23 24 25 26 27 |
---------------+----------------------------------------------------------------------------------+-----
Maces & Flails | 1 2 3 5 6 7 9 11 13 14 16 | 16.0
Fighting       | 2 3 4 5 7 9 12 14 15 16 17 18 20 22 23 24 26 | 26.0
Armour         | 3 4 5 6 7 9 10 12 13 14 16 20 | 20.4
Dodging        | 3 5 6 7 9 11 12 13 14 18 | 18.7
Shields        | 2 4 9 12 14 15 18 20 25 | 25.0
Invocations    | 2 5 7 9 11 12 13 15 16 18 | 18.8
Evocations     | 3 5 7 9 11 12 15 16 18 | 18.0
Slings         | 6 8 10 12 14 | 14.0
Spellcasting   | 9 |  9.0
Translocations | 12 | 12.3
Hexes          | 5 |  5.0
Air Magic      | 5 |  5.0
Stealth        | |  1.1

Action                   |  1- 3 |  4- 6 |  7- 9 | 10-12 | 13-15 | 16-18 | 19-21 | 22-24 | 25-27 || total
-------------------------+-------+-------+-------+-------+-------+-------+-------+-------+-------++-------
Melee: Mace              |   117 |    88 |       |       |       |       |       |       |       ||   205
       Morningstar       |       |   103 |    20 |       |       |       |       |       |       ||   123
       Flail             |       |       |   349 |   959 |  1518 |       |       |       |       ||  2826
       Sacred scourge    |       |       |       |       |   332 |  1776 |  1287 |  1129 |  6230 || 10754
       Hunting sling     |       |       |       |       |       |     2 |       |       |       ||     2
       Fustibalus        |       |       |       |       |       |       |     1 |       |       ||     1
       Broad axe         |       |       |       |       |       |       |       |       |    25 ||    25
 Fire: Hunting sling     |       |    85 |   116 |   261 |   270 |   156 |       |       |       ||   888
       Fustibalus        |       |       |       |       |       |   144 |   639 |   608 |   830 ||  2221
Throw: Boomerang         |       |       |     1 |       |       |       |       |       |       ||     1
       Throwing net      |       |       |       |     1 |       |       |       |       |       ||     1
       Dart              |       |       |       |     2 |     5 |     2 |     2 |     2 |     7 ||    20
Invok: Cleansing Flame   |       |       |       |       |     7 |     1 |     3 |    11 |    82 ||   104
       Brand Weapon With |       |       |       |       |     1 |       |       |       |       ||     1
       Summon Divine War |       |       |       |       |       |     1 |     2 |     1 |     4 ||     8
       Divine Shield     |       |       |       |       |       |       |       |       |     3 ||     3
 Abil: Fly               |       |       |       |     1 |       |       |       |       |       ||     1
Evoke: Wand              |       |     2 |     1 |     2 |    18 |     6 |    12 |    15 |    10 ||    66
       Phantom mirror    |       |       |       |       |     1 |       |       |       |       ||     1
       Phial of floods   |       |       |       |       |     1 |       |       |       |       ||     1
       Box of beasts     |       |       |       |       |       |       |     2 |       |     2 ||     4
       Tin of tremorston |       |       |       |       |       |       |     2 |     5 |    11 ||    18
       Lightning rod     |       |       |       |       |       |       |       |     4 |     6 ||    10
  Use: Scroll            |       |     3 |     6 |     8 |    18 |     7 |    13 |     9 |    21 ||    85
       Potion            |       |       |     3 |     3 |     5 |     2 |     4 |     2 |    19 ||    38
 Stab: Sleeping          |     3 |       |       |       |       |       |       |       |       ||     3
Armor: Leather armour    |    66 |     9 |       |       |       |       |       |       |       ||    75
       Ring mail         |       |   128 |   231 |   579 |   319 |       |       |       |   156 ||  1413
       Scale mail        |       |       |       |       |   583 |   836 |   239 |       |       ||  1658
       Chain mail        |       |       |       |       |       |       |   127 |   164 |       ||   291
       Fire dragon scale |       |       |       |       |       |       |       |   111 |       ||   111
       Gold dragon scale |       |       |       |       |       |       |       |   153 |  2113 ||  2266
Dodge: Dodged            |    78 |   127 |   222 |   617 |  1098 |   722 |   336 |   351 |  1610 ||  5161
Block: Buckler           |       |    14 |    60 |   232 |   407 |       |       |       |       ||   713
       Kite shield       |       |       |       |       |    90 |  1191 |   696 |   727 |  4280 ||  6984

Table legend: (Time is in decaauts)
 A = Elapsed time spent in this place.
 B = Non-inter-level travel time spent in this place.
 C = Inter-level travel time spent in this place.
 D = Time resting spent in this place.
 E = Time spent auto-exploring this place.
 F = Levels seen in this place.
 G = Mean time per level.
                   A        B        C        D        E       F      G
               +--------+--------+--------+--------+--------+-----+--------+
         Total |  81305 |  68209 |  13096 |   9389 |  30175 |  81 | 1003.8 |
       Dungeon |  23412 |  16707 |   6705 |   2988 |   8506 |  15 | 1560.8 |
        Temple |    215 |    180 |     35 |      0 |    179 |   1 |  215.0 |
          Lair |  11337 |   9266 |   2071 |   1422 |   4101 |   6 | 1889.5 |
         Swamp |   2943 |   2800 |    143 |    434 |   1164 |   4 |  735.8 |
   Spider Nest |   3817 |   3558 |    259 |    445 |   2019 |   4 |  954.2 |
    Slime Pits |   2942 |   2815 |    127 |    793 |   1255 |   5 |  588.4 |
  Orcish Mines |   2709 |   2399 |    310 |     93 |    569 |   2 | 1354.5 |
   Elven Halls |   4387 |   4063 |    324 |    546 |    964 |   3 | 1462.3 |
        Vaults |   7930 |   6966 |    964 |    846 |   4007 |   5 | 1586.0 |
        Depths |   7521 |   6193 |   1328 |    504 |   3605 |   5 | 1504.2 |
          Hell |    839 |    660 |    179 |    114 |    256 |   1 |  839.0 |
           Dis |   2948 |   2836 |    112 |    404 |    784 |   7 |  421.1 |
       Gehenna |   3062 |   2632 |    430 |    129 |    835 |   7 |  437.4 |
       Cocytus |   2921 |   2816 |    105 |    129 |   1040 |   7 |  417.3 |
         Abyss |   1962 |   1962 |      0 |    358 |    499 |   3 |  654.0 |
        Bazaar |    261 |    261 |      0 |      0 |      0 |   2 |  130.5 |
         Trove |     60 |     60 |      0 |      0 |      0 |   1 |   60.0 |
      Ice Cave |    516 |    516 |      0 |      8 |      0 |   1 |  516.0 |
        Wizlab |    753 |    753 |      0 |     67 |    391 |   1 |  753.0 |
      Gauntlet |    761 |    761 |      0 |    106 |      0 |   1 |  761.0 |
               +--------+--------+--------+--------+--------+-----+--------+

Top non-repeatable levels by time:
  Lair:1: 2936 daAuts
     D:8: 2427 daAuts
    D:14: 2424 daAuts
Depths:1: 2381 daAuts
  Lair:6: 2294 daAuts
    D:13: 2157 daAuts
    D:11: 2035 daAuts
   Orc:2: 2028 daAuts
Vaults:4: 1997 daAuts
   Elf:3: 1919 daAuts
  Lair:4: 1814 daAuts
    D:10: 1761 daAuts
   Dis:7: 1748 daAuts
   Coc:7: 1683 daAuts
Depths:2: 1644 daAuts
